 Dungeon Crawl Stone Soup version 0.29-a0-350-g7790a0e70a (webtiles) character file.

Game seed: 16288392567758027290

680 runemasterragnar the Changer (level 7, -2/52 HPs)
             Began as a Pale Draconian Transmuter on Apr 22, 2022.
             Was a Believer of Vehumet.
             Succumbed to a water moccasin's poison
             ... on level 5 of the Dungeon.
             The game lasted 00:07:12 (5730 turns).

runemasterragnar the Changer (DrTm)                 Turns: 5730, Time: 00:07:13

Health: -2/52      AC:  6    Str: 13    XL:     7   Next: 34%
Magic:  13/13      EV: 12    Int: 13    God:    Vehumet [**....]
Gold:   238        SH:  0    Dex: 11    Spells: 3/15 levels left

rFire   . . .      SeeInvis .     - Unarmed
rCold   . . .      Faith    .   (no shield)
rNeg    . . .      Spirit   .   (body armour unavailable)
rPois   .          Reflect  .   (helmet unavailable)
rElec   .          Harm     .   (no cloak)
rCorr   .          Rampage  .   (no gloves)
Will    .....                   (boots currently unavailable)
Stlth   +.........              m - amulet of magic regeneration
HPRegen 0.17/turn               v - ring of wizardry
MPRegen 0.53/turn               (no ring)

@: lethally poisoned (-2 -> -19), appendages
A: horns 3, talons 2, breathe steam, AC +6, unfitting armour, cold-blooded,
steam resistance, dopey 1, inability to read while threatened
a: Breathe Steam, End Transformation, Renounce Religion


You were on level 5 of the Dungeon.
You worshipped Vehumet.
Vehumet was pleased with you.
You had temporarily grown beastly horns and talons.
You visited 1 branch of the dungeon, and saw 5 of its levels.

You collected 238 gold pieces.

Inventory:

Missiles
 i - 113 stones
Armour
 n - a +1 pair of boots
Magical Staves
 q - a staff of fire
Jewellery
 m - an amulet of magic regeneration (around neck)
 v - a ring of wizardry (left hand)
Wands
 a - a wand of paralysis (8)
 s - a wand of acid (5)
Scrolls
 b - 4 scrolls of summoning {unknown}
 c - 3 scrolls of teleportation {unknown}
 e - 2 scrolls of identify {unknown}
 f - 2 scrolls of fog {unknown}
 g - 2 scrolls of fear {unknown}
 h - a scroll of noise {unknown}
 j - a scroll of enchant weapon {unknown}
 k - a scroll of vulnerability {unknown}
 l - a scroll of immolation {unknown}
 p - a scroll of magic mapping {unknown}
 r - a scroll of brand weapon {unknown}
Potions
 t - a potion of ambrosia
 u - a potion of heal wounds {unknown}


   Skills:
 - Level 1.1 Fighting
 - Level 1.7 Dodging
 - Level 3.0 Unarmed Combat
 + Level 4.6 Spellcasting
 * Level 6.9 Transmutations


You had 3 spell levels left.
You knew the following spells:

 Your Spells              Type           Power      Damage    Failure   Level
a - Beastly Appendage     Tmut           42%        N/A       1%          1
b - Sandblast             Erth           4%         2d4       9%          1
c - Spider Form           Tmut/Pois      11%        N/A       6%          3
d - Wereblood             Tmut           21%        N/A       1%          2
e - Blade Hands           Tmut           10%        N/A       13%         5

Your spell library contained the following spells:

 Spells                   Type           Power      Damage    Failure   Level
 Freeze                   Ice            8%         1d3       9%          1
 Portal Projectile        Hex/Tloc       4%         N/A       24%         3
 Ice Form                 Ice/Tmut       11%        N/A       19%         4
 Excruciating Wounds      Necr           1%         N/A       89%         5


Dungeon Overview and Level Annotations

Branches:
Dungeon (5/15)
 Temple: D:4-7

Altars:
Vehumet


Innate Abilities, Weirdness & Mutations

You have temporarily grown beastly horns and talons.
You can breathe blasts of scalding, opaque steam.
Your pale cyan-grey scales are hard. (AC +6)
You cannot fit into any form of body armour.
You are cold-blooded and may be slowed by cold attacks.
You are immune to the effects of steam.
You are dopey. (Int -2)
You sometimes lose the ability to read scrolls when taking damage.


Message History

The water moccasin is heavily wounded.
You feel very sick. The water moccasin misses you.
The water moccasin closely misses you.
You closely miss the water moccasin.
The water moccasin is heavily wounded.
Your transformation has ended.
You feel very sick.
The water moccasin completely misses you.
You barely miss the water moccasin.
Your tail-slap misses the water moccasin.
The water moccasin is heavily wounded.
You feel sick. The water moccasin barely misses you.
You closely miss the water moccasin.
The water moccasin is heavily wounded.
You feel sick. The water moccasin barely misses you.
Casting: Spider Form (dangerous; 4% risk of failure)
Confirm with . or Enter, or press ? or * to list all spells.
You grow a pair of large bovine horns.
Your feet morph into talons.
You feel sick. The water moccasin closely misses you.
The water moccasin barely misses you.
You closely miss the water moccasin. Your kick misses the water moccasin.
The water moccasin is heavily wounded.
You feel sick. The water moccasin bites you!
* * * LOW HITPOINT WARNING * * *
You barely miss the water moccasin.
Your tail-slap misses the water moccasin.
The water moccasin is heavily wounded.
You feel sick. The water moccasin bites you.
* * * LOW HITPOINT WARNING * * *
You feel better. The water moccasin bites you!
* * * LOW HITPOINT WARNING * * *
The water moccasin bites you.
* * * LOW HITPOINT WARNING * * *
You are lethally poisoned!
The water moccasin poisons you!
Unknown command.
It was a potion of mutation.
You feel extremely strange. The horns on your head grow some more.
You feel stupid.
You lose the ability to read scrolls when threatened.
You die...

############
#..........#
#†#######.## #.#
#.# #@# #.#
#S#######.#
.....[.......##.#
####.#..####.##.#
.. #.......<#.#
## #....##.##.#
..... #.##.#
#.#####.##.##
#...........#


You could see a water moccasin (poisoned).

Vanquished Creatures
  A black bear (D:4)
  2 ogres (D:4)
  2 scorpions (D:4)
  A hound (D:4)
  A gnoll shaman (D:3)
  4 iguanas
  3 gnolls (D:3)
  4 adders
  A worm (D:2)
  4 dart slugs
  6 orcs (D:4)
  8 endoplasms
  A giant cockroach (D:1)
  6 goblins
  4 hobgoblins
  9 jackals
  4 quokkas
  6 ball pythons
  2 bats
  2 frilled lizards
  6 kobolds
  A rat (D:1)
78 creatures vanquished.

Notes
Turn   | Place    | Note
-------+----------+-------------------------------------------
     0 | D:1      | runemasterragnar the Draconian Transmuter began the quest
                  | for the Orb.
     0 | D:1      | Reached XP level 1. HP: 16/16 MP: 3/3
   205 | D:1      | Reached XP level 2. HP: 11/23 MP: 3/5
   742 | D:1      | Found a faded altar of an unknown god.
   756 | D:1      | Prayed at the altar of an unknown god.
   756 | D:1      | Became a worshipper of Vehumet
   756 | D:1      | Reached * piety under Vehumet
   756 | D:1      | Offered knowledge of Sandblast by Vehumet.
   892 | D:1      | Learned a level 1 spell: Sandblast
   899 | D:1      | Reached skill level 3 in Transmutations
  1414 | D:2      | Reached XP level 3. HP: 26/28 MP: 4/6
  1653 | D:2      | Learned a level 3 spell: Spider Form
  2164 | D:3      | Reached XP level 4. HP: 30/35 MP: 0/8
  2414 | D:3      | Reached skill level 4 in Transmutations
  2471 | D:3      | HP: 2/52 [gnoll/+0 whip (4)]
  2491 | D:3      | Reached XP level 5. HP: 23/40 MP: 9/9
  2792 | D:3      | Offered knowledge of Freeze by Vehumet.
  2875 | D:3      | Reached ** piety under Vehumet
  3118 | D:4      | Noticed an ogre
  3130 | D:4      | Killed an ogre
  3131 | D:4      | Reached skill level 5 in Transmutations
  3165 | D:4      | Noticed an ogre
  3341 | D:3      | Learned a level 2 spell: Wereblood
  3609 | D:4      | Reached XP level 6. HP: 6/47 MP: 9/11
  3993 | D:4      | Reached skill level 6 in Transmutations
  4464 | D:4      | Learned a level 5 spell: Blade Hands
  4556 | D:4      | Your scales start taking on a pale cyan-grey colour.
  4556 | D:4      | Reached XP level 7. HP: 7/52 MP: 2/13
  4556 | D:4      | Gained mutation: You are immune to the effects of steam.
                  | [Pale Draconian growth]
  5613 | D:5      | Entered Level 5 of the Dungeon
  5729 | D:5      | HP: 2/52 [water moccasin (4)]
  5730 | D:5      | Gained mutation: You have a pair of large horns on your
                  | head. [potion of mutation]
  5730 | D:5      | Gained mutation: You are dopey. (Int -2) [potion of
                  | mutation]
  5730 | D:5      | Gained mutation: You sometimes lose the ability to read
                  | scrolls when taking damage. [potion of mutation]
  5730 | D:5      | Succumbed to a water moccasin's poison

Illustrated notes

Levels and vault maps discovered:
D:1:      dpeg_arrival_brainrot, layout_loops_ring,
          chequers_ecumenical_altar_island
D:2:      layout_loops_ring, nicolae_underground_beach
D:3:      layout_rooms, minivault_19
D:4:      layout_layer_cave, minmay_cupped
D:5:      layout_basic, minmay_temple_entry_statues_pillars, nrook_campfire,
          kennysheep_decorative_pillar, uniq_grinder

Skill      XL: |  1  2  3  4  5  6 |
---------------+-------------------+-----
Transmutations | 3 4 5 6 |  6.9
Spellcasting   | 3 4 |  4.6
Fighting       | |  1.1
Dodging        | |  1.7
Unarmed Combat | |  3.0

Action                   |  1- 3 |  4- 6 |  7- 9 || total
-------------------------+-------+-------+-------++-------
Melee: Unarmed           |    92 |   112 |    41 ||   245
       Kick              |    23 |    10 |     3 ||    36
       Tailslap          |    12 |     7 |     1 ||    20
       Headbutt          |     6 |     8 |     2 ||    16
       Punch             |     2 |     1 |       ||     3
 Cast: Beastly Appendage |    21 |     9 |     2 ||    32
       Spider Form       |     1 |    11 |     4 ||    16
 Abil: Breathe Steam     |       |       |     1 ||     1
  Use: Potion            |       |     5 |     2 ||     7
 Stab: Sleeping          |       |     1 |       ||     1
Armor: Skin              |    26 |    62 |     7 ||    95
Dodge: Dodged            |    59 |    70 |    33 ||   162

Table legend: (Time is in decaauts)
 A = Elapsed time spent in this place.
 B = Non-inter-level travel time spent in this place.
 C = Inter-level travel time spent in this place.
 D = Time resting spent in this place.
 E = Time spent auto-exploring this place.
 F = Levels seen in this place.
 G = Mean time per level.
                   A        B        C        D        E       F      G
               +--------+--------+--------+--------+--------+-----+--------+
         Total |   5725 |   5647 |     78 |   1139 |   3751 |   5 | 1145.0 |
       Dungeon |   5725 |   5647 |     78 |   1139 |   3751 |   5 | 1145.0 |
               +--------+--------+--------+--------+--------+-----+--------+

Top non-repeatable levels by time:
     D:4: 2361 daAuts
     D:1: 1393 daAuts
     D:3: 1119 daAuts
     D:2: 736 daAuts
     D:5: 114 daAuts
